 Dungeon Crawl Stone Soup version 0.25.0-46-gbd7b0854d2 (webtiles) character file.

Game seed: 1332169960045827609

39 funkygono the Firebug (level 3, -1/26 HPs)
             Began as a Draconian Fire Elementalist on July 12, 2020.
             Slain by a jackal (2 damage)
             ... on level 2 of the Dungeon.
             The game lasted 00:02:33 (1208 turns).

funkygono the Firebug (Draconian Fire Elementalist) Turns: 1208, Time: 00:02:34

Health: -1/26      AC:  5    Str: 11    XL:     3   Next: 28%
Magic:  4/6        EV: 12    Int: 15    God:
Gold:   17         SH:  0    Dex: 11    Spells: 5/6 levels left

rFire    . . .     SeeInvis .   c - +1 club
rCold    . . .     Gourm    .   (no shield)
rNeg     . . .     Faith    .   (armour unavailable)
rPois    .         Spirit   .   (helmet restricted)
rElec    .         Reflect  .   (no cloak)
rCorr    .         Harm     .   (no gloves)
MR       .....                  (no boots)
Stlth    ++........             (no amulet)
HPRegen  0.08/turn              (no ring)
MPRegen  0.10/turn              (no ring)

@: no status effects
A: unfitting armour, cold-blooded, AC +5
a: no special abilities


You were on level 2 of the Dungeon.
You were near starving.

You visited 1 branch of the dungeon, and saw 2 of its levels.

You collected 17 gold pieces.

Inventory:

Hand Weapons
 c - a +1 club (weapon)
Potions
 d - a potion of lignification
 f - a potion of might
 i - a potion of resistance
Comestibles
 a - 2 chunks of flesh
 b - 4 rations


   Skills:
 - Level 1.7 Dodging
 - Level 1.7 Stealth
 - Level 2.0 Spellcasting
 * Level 1.5 Conjurations
 * Level 4.2 Fire Magic


You had 5 spell levels left.
You knew the following spells:

 Your Spells              Type           Power        Failure   Level  Hunger
a - Foxfire               Conj/Fire      ##..         7%          1    #......

Your spell library contained the following spells:

 Spells                   Type           Power        Failure   Level  Hunger
 Conjure Flame            Conj/Fire      ##......     21%         3    ###....
 Inner Flame              Hex/Fire       #.......     28%         3    ###....
 Sticky Flame             Conj/Fire      ##......     56%         4    #####..
 Fireball                 Conj/Fire      ##........   88%         5    ######.


Dungeon Overview and Level Annotations

Branches:
Dungeon (2/15)

Altars:
Sif Muna

Annotations:
D:2 Jessica


Innate Abilities, Weirdness & Mutations

Your plain brown scales are hard. (AC +5)
You cannot fit into any form of body armour.
You are cold-blooded and may be slowed by cold attacks.


Message History

The jackal bites you but does no damage.
Jessica looks very angry.
Jessica points at you and mumbles some strange words.
Pain shoots through your body! Jessica hits you.
You are near starving!
Jessica closely misses you. Jessica casts a spell at you.
Pain shoots through your body!
* * * LOW HITPOINT WARNING * * *
The jackal barely misses you. Jessica hits you but does no damage.
Jessica hits you but does no damage. The jackal barely misses you.
Jessica hits you.
* * * LOW HITPOINT WARNING * * *
The jackal bites you but does no damage.
Jessica shouts, "You're disturbing me!
I'll have to kill you!" Jessica hits you but does no damage.
You feel yourself speed up.
Jessica casts a spell.
Jessica blinks!
The jackal bites you.
You die...

#...##.Z# #..###.## ...
#....# #..###.# ...
.#....# ####.###..# ....
....?.###..#Z....## .....
.........@g...###
#...##........#S§..#
#....#.....#..#hh#..#
#........#...@###..#
##..Z..#...#...###.#
#......#.....>.......
.....##..<.....##.###.###
..#. ##....%......# ...
...........<....# .#
#...............#
....#.##...........
...h...#...........>


You could see an adder, Jessica (fast), a worker ant zombie, 2 jackals and a
hobgoblin.

Vanquished Creatures
  A gnoll (D:1)
  An adder (D:2)
  A worm (D:2)
  3 hobgoblins (D:1)
  2 jackals (D:1)
  4 kobolds (D:1)
  A ball python (D:2)
  A bat (D:1)
  3 frilled lizards (D:1)
  2 goblins (D:1)
19 creatures vanquished.

Vanquished Creatures (others)
  51 foxfires
51 creatures vanquished.

Grand Total: 70 creatures vanquished

Notes
Turn   | Place    | Note
-------+----------+-------------------------------------------
     0 | D:1      | funkygono the Draconian Fire Elementalist began the quest
                  | for the Orb.
     0 | D:1      | Reached XP level 1. HP: 14/14 MP: 3/3
     0 | D:1      | Found a shimmering blue altar of Sif Muna.
   189 | D:1      | Reached XP level 2. HP: 20/20 MP: 0/5
   814 | D:1      | Reached skill level 4 in Fire Magic
  1149 | D:2      | Reached XP level 3. HP: 21/26 MP: 1/6
  1192 | D:2      | Noticed Jessica
  1206 | D:2      | HP: 1/26 [Jessica (5)]
  1208 | D:2      | Slain by a jackal

Illustrated notes

Levels and vault maps discovered:
D:1:      sevenhm_arrival_forest_fort_small_6, layout_loops_ring, minivault_25
D:2:      layout_rooms, trog_butcher_becter, uniq_terence, uniq_jessica,
          uniq_robin

Skill      XL: |  1  2 |
---------------+-------+-----
Fire Magic     | 4 |  4.2
Dodging        | |  1.7
Stealth        | |  1.7
Spellcasting   | |  2.0
Conjurations   | |  1.5

Action                   || total
-------------------------++-------
Melee: Club              ||    10
 Cast: Foxfire           ||    37
  Use: Scroll            ||     6
Armor: Skin              ||    27
Dodge: Dodged            ||    41
